 Dungeon Crawl Stone Soup version 0.31-a0-1338-gb567cfdca4 (webtiles) character file.

Game seed: 3310097121637158732

1344 LeprechaunX the Changeling (level 8, -11/54 HPs)
             Began as an Octopode Shapeshifter on Dec 21, 2023.
             Was an Initiate of Ashenzari.
             Killed from afar by Dowan (23 damage)
             ... with a shard of ice
             ... on level 5 of the Dungeon.
             The game lasted 00:07:29 (5170 turns).

LeprechaunX the Changeling (Octopode Shapeshifter)  Turns: 5170, Time: 00:07:30

Health: -11/54     AC:  1    Str: 13    XL:     8   Next: 62%
Magic:  8/8        EV: 13    Int: 12    God:    Ashenzari [......]
Gold:   363        SH:  0    Dex: 14    Spells: 7/7 levels left

rFire   . .          .
                       - Unarmed
rCold   . . .        (no shield)
rNeg    . . .        (helmet currently unavailable)
rPois   .            (no amulet)
rElec   .            q - ring "Share My Water Diviner" {SInv, Melee, Cun} (curse)
rCorr   .            (no ring)
SInv    +            (no ring)
Will    .....        (no ring)
Stlth   ++           (no ring)
HPRegen 0.29/turn    (no ring)
MPRegen 0.11/turn    (no ring)
                     (no ring)

%: no passive effects
@: beast-form
A: beast (slay +3), almost no armour, amphibious, 8 rings, camouflage 1,
gelatinous body 1, (nimble swimmer 1), tentacles
a: Begin Untransformation, Renounce Religion, Curse Item, Shatter the Chains


You were on level 5 of the Dungeon.
You worshipped Ashenzari.
Ashenzari was noncommittal.
You were a hulking beast.
You visited 1 branch of the dungeon, and saw 5 of its levels.

You collected 363 gold pieces.

Inventory:

Missiles
 k - 2 javelins
 p - 3 boomerangs
Jewellery
 q - the cursed ring "Share My Water Diviner" (left tentacle) {SInv, Melee, Cun}
   (You found it on level 4 of the Dungeon)

   [ring of see invisible]

   SInv:      It lets you see invisible.
   It has a curse which improves the following skills: Melee Combat: Short
   Blades, Long Blades, Axes, Maces & Flails, Polearms, Staves and Unarmed
   Combat.
   Cunning:   Dodging and Stealth.
Talismans
 b - a beast talisman
 c - a flux talisman
Wands
 a - a wand of paralysis (4) (quivered)
Scrolls
 d - 3 scrolls of identify {unknown}
 e - 4 scrolls of teleportation {unknown}
 f - a scroll of vulnerability {unknown}
 g - a scroll of fog {unknown}
 h - a scroll of brand weapon {unknown}
 i - a scroll of enchant weapon {unknown}
 j - a scroll of poison {unknown}
 l - a scroll of noise {unknown}
 n - a scroll of enchant armour {unknown}
 s - a scroll of revelation {unknown}
 u - a scroll of fear {unknown}
Potions
 m - 2 potions of mutation {unknown}
 o - a potion of brilliance {unknown}
 r - 2 potions of curing {unknown}
 t - a potion of enlightenment {unknown}
 v - a potion of ambrosia {unknown}


   Skills:
 + Level 4.4 Fighting
 - Level 3.0 Throwing
 - Level 2.0(2.3) Dodging
 + Level 5.3(5.7) Unarmed Combat
 + Level 3.7 Evocations
 * Level 6.5 Shapeshifting


You had 7 spell levels left.
You didn't know any spells.
Your spell library contained the following spells:

 Spells                   Type           Power      Damage    Failure   Level
 Dazzling Flash           Conj/Hex       0%         N/A       69%         3
 Gell's Gravitas          Tloc           0%         N/A       69%         3
 Mephitic Cloud           Conj/Alch/Air  0%         N/A       69%         3
 Teleport Other           Tloc           0%         N/A       69%         3
 Agony                    Necr           0%         N/A       100%        5
 Silence                  Hex/Air        0%         N/A       100%        5
 Dispersal                Tloc           0%         N/A       100%        6


Dungeon Overview and Level Annotations

Branches:
Dungeon (5/15)
 Temple: D:4-7

Altars:
Ashenzari
Cheibriados
Gozag
Sif Muna
Vehumet
Xom
Yredelemnul
Zin
The Shining One

Shops:
D:1 [(:*   D:3 *

Annotations:
D:2 Natasha
D:5 Dowan


Innate Abilities, Weirdness & Mutations

You are a hulking beast.
Your limbs bulge with bestial killing power. (Slay +3)
You cannot wear most types of armour.
You are amphibious.
You can wear up to eight rings at the same time.
Your skin changes colour to match your surroundings (Stealth+).
Your rubbery body absorbs attacks. (AC +1, EV +1)
((You are camouflaged when in or above water. (Stealth+)))
You have tentacles for arms and can constrict up to eight enemies at once.


Message History

You tentacle-slap Duvessa but do no damage.
You grab Duvessa.
Duvessa is heavily wounded.
You constrict Duvessa, but do no damage.
The helpless Duvessa fails to defend herself.
You tentacle-slap Duvessa but do no damage.
Duvessa is heavily wounded.
You constrict Duvessa.
Dowan smirks and points a slender finger.
Aiming: Paralyse
Press: ? - help, Q - select action, (/) - cycle Shift-Dir - straight line, f - Dowan, p - Duvessa
Aim: Dowan, wielding a +0 dagger and wearing a +0 robe (chance to affect: 58%) Dowan resists with significant effort.
You constrict Duvessa, but do no damage.
Dowan closely misses you.
The helpless Duvessa fails to defend herself.
You tentacle-slap Duvessa.
Duvessa is severely wounded.
You constrict Duvessa. Dowan gestures at you while chanting.
You resist with some effort.
The helpless Duvessa fails to defend herself.
You tentacle-slap Duvessa.
Duvessa is severely wounded.
You constrict Duvessa. Dowan hits you with a +0 dagger.
* * * LOW HITPOINT WARNING * * *
The helpless Duvessa fails to defend herself.
You bludgeon Duvessa!
You kill Duvessa!
Dowan seems overcome with grief.
Dowan seems to find hidden reserves of power!
Dowan closely misses you.
Aiming: Paralyse
Press: ? - help, Q - select action, (/) - cycle Shift-Dir - straight line, f - Dowan
Aim: Dowan, wielding a +0 dagger and wearing a +0 robe (fast, chance to affect: 59%) Dowan resists with significant effort.
Dowan closely misses you. Dowan casts a spell at you.
The shard of ice hits you!!
You die...

#......#...#...#......#......
+......#...#...#......#......
#......+...#...#......#......
#......##.##.###......#######
#####+###.########+#.... ..
#.....# .... .. #.....# ...
#####..+ ... #...#h.# ..
#.!.e)## .. #...#...# ##
#####...# ....# ....# .....#
.....# #......


You could see Dowan (fast).

Vanquished Creatures
  Grinder (D:4)
  Duvessa (D:5)
  A black bear (D:4)
  A phantom (D:5)
  4 scorpions (D:5)
  A hound (D:5)
  2 orc priests
  3 iguanas
  A sleepcap (D:5)
  Natasha (twice) (D:2)
  2 orc wizards
  15 gnolls
  9 adders
  A bombardier beetle (D:5)
  A worm (D:2)
  5 dart slugs
  14 orcs
  5 endoplasms
  4 giant cockroaches
  6 goblins
  7 hobgoblins
  8 jackals
  13 kobolds
  5 quokkas
  11 ball pythons
  7 bats
  3 frilled lizards
  7 rats
140 creatures vanquished.

Vanquished Creatures (others)
  A ball python (D:3)
1 creature vanquished.

Grand Total: 141 creatures vanquished

Notes
Turn   | Place    | Note
-------+----------+-------------------------------------------
     0 | D:1      | LeprechaunX the Octopode Shapeshifter began the quest for
                  | the Orb.
     0 | D:1      | Reached XP level 1. HP: 13/13 MP: 1/1
   105 | D:1      | Found Musy's Armour Emporium.
   143 | D:1      | Reached XP level 2. HP: 18/18 MP: 2/2
   343 | D:1      | Found Rubygux's Antique Weapon Shop.
   403 | D:1      | Found a faded altar of an unknown god.
   413 | D:1      | Prayed at the altar of an unknown god.
   413 | D:1      | Became a worshipper of Ashenzari the Shackled
   450 | D:1      | Reached XP level 3. HP: 23/23 MP: 3/3
   459 | D:1      | Found Nopohis's Book Boutique.
   505 | D:1      | Found Kadenod's Assorted Antiques.
  1080 | D:2      | Noticed Natasha
  1138 | D:2      | Reached XP level 4. HP: 29/29 MP: 4/4
  1145 | D:2      | Killed Natasha
  1146 | D:2      | Reached skill level 4 in Shapeshifting
  1170 | D:2      | HP: 2/43 [poisoned by an adder]
  1383 | D:2      | Reached XP level 5. HP: 35/35 MP: 5/5
  1696 | D:2      | Noticed Natasha
  1703 | D:2      | Killed Natasha
  1765 | D:2      | Noticed Natasha
  2182 | D:3      | Identified the +9 shadow dragon scales "Doipp" {Dex+2
                  | Stlth++++}
  2371 | D:3      | Found Afadwal's General Store.
  2391 | D:3      | Reached skill level 1 in Evocations
  2450 | D:3      | Reached XP level 6. HP: 39/41 MP: 6/6
  2971 | D:4      | Reached skill level 1 in Throwing
  3013 | D:4      | Reached skill level 5 in Shapeshifting
  3043 | D:4      | Noticed Grinder
  3062 | D:4      | Killed Grinder
  3063 | D:4      | Reached XP level 7. HP: 46/46 MP: 7/7
  3085 | D:4      | Found a snail-covered altar of Cheibriados.
  4087 | D:4      | Found a faded altar of an unknown god.
  4087 | D:4      | Found a basalt altar of Yredelemnul.
  4096 | D:4      | Found a radiant altar of Vehumet.
  4098 | D:4      | Found a glowing golden altar of the Shining One.
  4100 | D:4      | Found an opulent altar of Gozag.
  4154 | D:4      | Found a shimmering blue altar of Sif Muna.
  4164 | D:4      | Found a shimmering altar of Xom.
  4272 | D:5      | Entered Level 5 of the Dungeon
  4327 | D:5      | Reached XP level 8. HP: 54/54 MP: 8/8
  4493 | D:5      | Reached skill level 6 in Shapeshifting
  4626 | D:5      | Reached skill level 5 in Unarmed Combat
  4839 | D:5      | Found a glowing silver altar of Zin.
  5155 | D:5      | Noticed Duvessa
  5156 | D:5      | Noticed Dowan
  5169 | D:5      | Killed Duvessa
  5170 | D:5      | Killed from afar by Dowan

Illustrated notes

Levels and vault maps discovered:
D:1:      lemuel_arrival_lava_pool, layout_basic, serial_shops, shop, shop,
          nicolae_shop_real_fake_doors, nicolae_shop_behind_doors,
          dreamdust_ecumenical_altar_statues
D:2:      layout_loops_ring, minmay_puff, uniq_natasha
D:3:      layout_basic, serial_shops, nicolae_shop_tiny_statue_garden,
          minmay_surrounded
D:4:      layout_loops_corners, kennysheep_slug_shrine,
          chequers_temple_overflow_minitemple, jmf_multi_god_temple2,
          chequers_big_river, minmay_misc_feat_tower, grunt_ministairs_10,
          kennysheep_nub, minmay_misc_feat_encased, uniq_grinder
D:5:      layout_gridville, zin_statuary, eino_tiny_chamber, uniq_duvessa

Skill      XL: |  1  2  3  4  5  6  7  8 |
---------------+-------------------------+-----
Fighting       | 2 3 4 |  4.4
Shapeshifting  | 4 5 6 |  6.5
Unarmed Combat | 4 5 |  5.3
Evocations     | 1 2 3 |  3.7
Throwing       | 1 2 3 |  3.0
Dodging        | |  2.0

Action                     |  1- 3 |  4- 6 |  7- 9 || total
---------------------------+-------+-------+-------++-------
  Melee: Unarmed           |    59 |   133 |   106 ||   298
         Constrict         |    13 |    40 |    26 ||    79
         Tentacles         |     9 |    29 |    29 ||    67
         Punch             |     3 |     3 |     8 ||    14
 Invoke: Curse Item        |       |       |     1 ||     1
  Evoke: Wand              |       |       |     3 ||     3
    Use: Potion            |       |     1 |       ||     1
   Stab: Sleeping          |     3 |     7 |     7 ||    17
         Paralysed         |       |       |     5 ||     5
 Armour: Skin              |    12 |    46 |    50 ||   108
  Dodge: Dodged            |    35 |    70 |    59 ||   164

Table legend: (Time is in decaauts)
 A = Elapsed time spent in this place.
 B = Non-inter-level travel time spent in this place.
 C = Inter-level travel time spent in this place.
 D = Time resting spent in this place.
 E = Time spent auto-exploring this place.
 F = Levels seen in this place.
 G = Mean time per level.
                   A        B        C        D        E       F      G
               +--------+--------+--------+--------+--------+-----+--------+
         Total |   5145 |   4928 |    217 |    140 |   3875 |   5 | 1029.0 |
       Dungeon |   5145 |   4928 |    217 |    140 |   3875 |   5 | 1029.0 |
               +--------+--------+--------+--------+--------+-----+--------+

Top non-repeatable levels by time:
     D:4: 1298 daAuts
     D:1: 1053 daAuts
     D:2: 1036 daAuts
     D:5: 891 daAuts
     D:3: 866 daAuts
